 Dungeon Crawl Stone Soup version 0.27.0 (webtiles) character file.

Game seed: 877771839965641434

18 ZARRMARR the Skirmisher (level 2, -1/27 HPs)
             Began as a Hill Orc Fighter on July 30, 2021.
             Slain by Sigmund (6 damage)
             ... on level 2 of the Dungeon.
             The game lasted 00:04:43 (669 turns).

ZARRMARR the Skirmisher (Hill Orc Fighter)           Turns: 669, Time: 00:04:43

Health: -1/27      AC:  8    Str: 18    XL:     2   Next: 70%
Magic:  2/2        EV:  7    Int:  8    God:
Gold:   7          SH:  9    Dex: 10    Spells: 1/1 levels left

rFire    . . .     SeeInvis .   a - +0 war axe
rCold    . . .     Faith    .   c - +0 kite shield
rNeg     . . .     Spirit   .   b - +0 scale mail
rPois    .         Reflect  .   j - +2 hat
rElec    .         Harm     .   (no cloak)
rCorr    .         Rampage  .   (no gloves)
Will     .....                  (no boots)
Stlth    ..........             (no amulet)
HPRegen  0.09/turn              (no ring)
MPRegen  0.08/turn              (no ring)

@: mighty
A: no striking features
a: no special abilities


You were on level 2 of the Dungeon.
You visited 1 branch of the dungeon, and saw 2 of its levels.

You collected 7 gold pieces.

Inventory:

Hand Weapons
 a - a +0 war axe (weapon)
Armour
 b - a +0 scale mail (worn)
 c - a +0 kite shield (worn)
 j - a +2 hat (worn)
Scrolls
 g - a scroll of enchant weapon {unknown}
Potions
 e - a potion of haste {unknown}
 f - a potion of curing {unknown}
 h - a potion of lignification {unknown}
 i - a potion of brilliance {unknown}


   Skills:
 - Level 3.9 Fighting
 - Level 2.9 Axes
 + Level 0.3 Throwing
 - Level 3.5 Armour
 - Level 3.6 Shields


You had one spell level left.
You didn't know any spells.
Your spell library was empty.

Dungeon Overview and Level Annotations

Branches:
Dungeon (2/15)

Altars:

Shops:
D:1 =

Annotations:
D:2 Sigmund


Message History

Cleave: a) +0 war axe
Press: ? - help, Dir - move target, f/p - ball python
Aim: a ball python (about 50% to evade your +0 war axe)
You hit the ball python but do no damage.
The ball python barely misses you. You block the ball python's attack.
A goblin comes into view. It is wielding a +0 club.
The ball python bites you but does no damage.
The ball python grabs you. The ball python constricts you.
The goblin moves out of view.
Cleave: a) +0 war axe
Press: ? - help, Dir - move target, f/p - ball python
Aim: a ball python (constricting you, about 50% to evade your +0 war axe)
You slash the ball python!
You kill the ball python!
Unknown command.
h - a fuming golden potion The goblin shouts!
You hear a shout!
You see here a stone.
A goblin is nearby!
You closely miss the goblin. The goblin hits you with a +0 club.
You block the goblin's attack.
Sigmund the Dreaded comes into view.
He is wielding a +0 scythe.
You hit the goblin but do no damage. The goblin barely misses you.
The goblin hits you but does no damage.
You closely miss the goblin.
Sigmund hits you from afar with a +0 scythe.
The goblin barely misses you.
Sigmund mumbles some strange words.
Sigmund flickers and vanishes!
Deactivating autopickup; reactivate with Ctrl-A.
You closely miss the goblin. The goblin closely misses you. Something hits you.
You block the goblin's attack.
You feel very mighty all of a sudden. Something hits you but does no damage.
The goblin hits you but does no damage.
You closely miss the goblin. Something hits you.
The goblin hits you but does no damage. Something hits you but does no damage.
You barely miss the goblin. You block the goblin's attack. Something hits you!
* * * LOW HITPOINT WARNING * * *
The goblin misses you. Something hits you.
You die...

#######
####.....# ..#
#........##.
.....#.†.........
.....{g@.......#
......###...##.#
....$ #...# ...#
#...+ .. #...# #
###.# ### #.# ...
##.# .. #..#.##


You could see a goblin.

Vanquished Creatures
  An endoplasm (D:2)
  A giant cockroach (D:1)
  A goblin (D:1)
  2 hobgoblins (D:1)
  2 quokkas (D:1)
  4 ball pythons
  3 bats (D:1)
  3 kobolds (D:1)
  A rat (D:1)
18 creatures vanquished.

Notes
Turn   | Place    | Note
-------+----------+-------------------------------------------
     0 | D:1      | ZARRMARR the Hill Orc Fighter began the quest for the Orb.
     0 | D:1      | Reached XP level 1. HP: 19/19 MP: 1/1
   118 | D:1      | Reached XP level 2. HP: 27/27 MP: 2/2
   216 | D:1      | Found Kygairch's Jewellery Shoppe.
   232 | D:1      | Found a faded altar of an unknown god.
   663 | D:2      | Noticed Sigmund
   669 | D:2      | Slain by Sigmund

Illustrated notes

Levels and vault maps discovered:
D:1:      enne_arrival_octagon_isle, layout_basic,
          shapermc_ecumenical_altar_venn, serial_shops, shop
D:2:      layout_basic, st_stairs_11, uniq_sigmund

Action                   || total
-------------------------++-------
Melee: War axe           ||    59
Throw: Stone             ||    12
  Use: Potion            ||     1
Armor: Scale mail        ||    35
Dodge: Dodged            ||    29
Block: Kite shield       ||    37
